 Dungeon Sprint DCSS version 0.29.1-15-g9cfb28693d (webtiles) character file.

Game seed: 3972002737513480523

16 Groucho the Ducker (level 2, -3/14 HPs)
             Began as a Felid Fighter on Mar 18, 2023.
             Was a Follower of Uskayaw.
             Slain by a fire bat (6 damage)
             ... in the Dungeon (Sprint VII: "The Pits").
             The game lasted 00:01:17 (693 turns).

Groucho the Ducker (Felid Fighter)                   Turns: 693, Time: 00:01:17

Health: -3/14      AC:  1    Str: 12    XL:     2   Next: 41%
Magic:  4/4        EV: 19    Int:  9    God:    Uskayaw [*.....]
Gold:   0          SH:  0    Dex: 15    Spells: 1/1 levels left
                                        Lives:  0   Deaths: 0

rFire   . . .      SeeInvis +     - Unarmed
rCold   . . .      Faith    .   (shield unavailable)
rNeg    . . .      Spirit   .   (body armour unavailable)
rPois   .          Reflect  .   (helmet unavailable)
rElec   .          Harm     .   (cloak unavailable)
rCorr   .          Rampage  .   (gloves unavailable)
Will    .....      NoTele   +   (boots unavailable)
Stlth   ++........              (no amulet)
HPRegen 0.04/turn               (no ring)
MPRegen 0.09/turn               (no ring)

@: quick
A: very small, claws 1, fangs 3, see invisible, speed 1, shaggy fur 1, stealthy
paws, no weapons or thrown items, no armour, multi-lived
a: Renounce Religion, Stomp


You were in the Dungeon.
You worshipped Uskayaw.
Uskayaw was noncommittal.
You visited 1 branch

Inventory:

Scrolls
 g - a scroll of blinking
 i - 5 scrolls of amnesia
 j - a scroll of summoning
Potions
 a - a potion of might
 b - 6 potions of curing
 c - 6 potions of heal wounds
 d - a potion of haste
 e - 4 potions of magic
 f - 3 potions of berserk rage
 h - 2 potions of invisibility


   Skills:
 + Level 3.4 Fighting
 + Level 4.7 Dodging
 * Level 3.5 Stealth
 + Level 4.4 Unarmed Combat
 * Level 2.4 Invocations


You had one spell level left.
You didn't know any spells.
Your spell library was empty.

Dungeon Overview and Level Annotations

Branches:
Dungeon (1/1)

Altars:
Ashenzari
Cheibriados
Dithmenos
Elyvilon
Fedhas
Gozag
Hepliaklqana
Kikubaaqudgha
Makhleb
Nemelex Xobeh
Okawaru
Qazlal
Ru
Sif Muna
Trog
Uskayaw
Vehumet
Wu Jian
Xom
Yredelemnul
Zin
The Shining One
Jiyva
Lugonu


Innate Abilities, Weirdness & Mutations

You have sharp claws.
You have razor-sharp teeth.
You have supernaturally acute eyesight. (SInv)
You cover ground quickly. (Speed+)
You are covered in fur. (AC +1)
Your paws help you pounce on unaware monsters.
You are incapable of wielding weapons or throwing items.
You cannot wear armour.
You gain extra lives every three experience levels.


Message History

You see here a +0 vorpal trident.
b - 6 potions of curing (gained 5)
c - 6 potions of heal wounds (gained 5)
You see here a +0 vorpal trident.
You see here a +1 dagger of venom.
You see here a +2 vorpal flail.
You see here a +3 chain mail.
There is an open door here.
There is an open door, spattered with blood here.
You see here a jackal skeleton.
There is an open door here.
Items here: ÷÷÷÷.
There is an open door here.
You open the door.
There is an open door here.
You open the door.
An ogre and a gnoll come into view.
A fire bat comes into view.
There is an open door here.
The ogre shouts!
You hear a shout! x3
The fire bat barely misses you. The fire bat closely misses you.
An orc priest comes into view. It is wielding a +0 flail.
The fire bat barely misses you.
There is an open door here.
The fire bat misses you. The fire bat completely misses you.
The fire bat bites you.
You are engulfed in flames.
The fire bat attacks as you move away! The fire bat misses you. x2
You scratch the fire bat.
The fire bat is lightly wounded.
The fire bat misses you.
The fire bat bites you but does no damage.
Unknown command.
You scratch the fire bat.
The fire bat is moderately wounded.
The fire bat misses you. The fire bat bites you.
* * * LOW HITPOINT WARNING * * *
You are engulfed in flames.
You die...

##########.##.....
#..........)'.....
#'#####'#####.....
#.#..#.).÷.##.....
#.#))#####'#####'#
#.#))#...÷.##.....
#.#))#.....##.....
#.#[[###÷####.....
#@##'#.....##...<.
#b#........##.....
#O#........##.....
#g###########.....
#.......# ######
#o.###..# #... #
##.## ...


You could see an ogre, a fire bat, an orc priest and a gnoll.

Vanquished Creatures
  2 orcs (D)
  A bat skeleton (D)
  A giant cockroach (D)
  5 jackals (D)
  A quokka (D)
  A ball python skeleton (D)
  A bat (D)
12 creatures vanquished.

Notes
Turn   | Place    | Note
-------+----------+-------------------------------------------
     0 | D        | Groucho the Felid Fighter began the quest for the Orb.
     0 | D        | Reached XP level 1. HP: 10/10 MP: 2/2
    11 | D        | Reached skill level 1 in Stealth
    11 | D        | Reached skill level 1 in Invocations
    15 | D        | Found a bloodstained altar of Trog.
    15 | D        | Found a shimmering blue altar of Sif Muna.
    15 | D        | Found a viscous altar of Jiyva.
    15 | D        | Found a hazy altar of Hepliaklqana.
    15 | D        | Found an opulent altar of Gozag.
    37 | D        | Found a glowing golden altar of the Shining One.
    37 | D        | Found a glowing silver altar of Zin.
    37 | D        | Found a basalt altar of Yredelemnul.
    37 | D        | Found a shimmering altar of Xom.
    37 | D        | Found an ornate altar of the Wu Jian Council.
    37 | D        | Found a sacrificial altar of Ru.
    37 | D        | Found a stormy altar of Qazlal.
    37 | D        | Found an iron altar of Okawaru.
    37 | D        | Found a sparkling altar of Nemelex Xobeh.
    37 | D        | Found a burning altar of Makhleb.
    37 | D        | Found a blossoming altar of Fedhas.
    37 | D        | Found a white marble altar of Elyvilon.
    37 | D        | Found a shadowy altar of Dithmenos.
    37 | D        | Found a snail-covered altar of Cheibriados.
   223 | D        | Found a radiant altar of Vehumet.
   223 | D        | Found a corrupted altar of Lugonu.
   224 | D        | Found a hide-covered altar of Uskayaw.
   224 | D        | Found an ancient bone altar of Kikubaaqudgha.
   224 | D        | Found a broken altar of Ashenzari.
   232 | D        | Became a worshipper of Uskayaw the Reveller
   251 | D        | Reached * piety under Uskayaw
   254 | D        | Reached ** piety under Uskayaw
   257 | D        | Reached XP level 2. HP: 14/14 MP: 2/4
   265 | D        | Reached *** piety under Uskayaw
   271 | D        | Reached **** piety under Uskayaw
   683 | D        | Noticed an ogre
   684 | D        | Noticed a fire bat
   693 | D        | Slain by a fire bat

Illustrated notes

Levels and vault maps discovered:
D:        pitsprint [storerooms_1, entrance_room_1, metal_vault_1, armoury_3,
          mini_pit_1, grid_room_1, main_hall_1, silver_pit, the_coven_3,
          the_vestibule_1, steel_vault_3, golden_pit, hallway_of_sentries,
          crystal_vault_5, iron_vault_1, final_vault]

Skill      XL: |  1  2 |
---------------+-------+-----
Stealth        | 2 3 |  3.5
Invocations    | 1 2 |  2.4
Fighting       | |  3.4
Dodging        | |  4.7
Unarmed Combat | |  4.4

Action                   || total
-------------------------++-------
Melee: Unarmed           ||    25
       Bite              ||     1
 Stab: Sleeping          ||     3
       Distracted        ||     1
       Paralysed         ||     1
Armor: Skin              ||     4
Dodge: Dodged            ||    23
